 Dungeon Crawl Stone Soup version 0.27-a0-1066-g29160eaed2 (webtiles) character file.

Game seed: 9769873318304328644

91 LordDeathwing the Stinger (level 4, -3/36 HPs)
             Began as a Naga Venom Mage on Apr 24, 2021.
             Splashed by a jelly's acid (5 damage)
             ... on level 2 of the Dungeon.
             The game lasted 00:13:53 (2781 turns).

LordDeathwing the Stinger (Naga Venom Mage)         Turns: 2781, Time: 00:13:54

Health: -3/36      AC: -5    Str: 10    XL:     4   Next: 59%
Magic:  0/7        EV: 10    Int: 16    God:
Gold:   108        SH:  0    Dex: 12    Spells: 1/7 levels left

rFire    . . .     SeeInvis +   d - +3 dagger (speed)
rCold    . . .     Faith    .   (no shield)
rNeg     . . .     Spirit   .   a - +0 robe
rPois    +         Reflect  .   (no helmet)
rElec    .         Harm     .   (no cloak)
rCorr    .         Rampage  .   (no gloves)
Will     .....                  (no barding)
Stlth    ++........             (no amulet)
HPRegen  0.12/turn              (no ring)
MPRegen  0.10/turn              (no ring)

@: corroded, very slow
A: AC +1, large, see invisible, deformed body, poison resistance, slowness 2,
spit poison 1, naga tail 1
a: Spit Poison


You were on level 2 of the Dungeon.
You visited 1 branch of the dungeon, and saw 3 of its levels.

You collected 108 gold pieces.

Inventory:

Hand Weapons
 d - a +3 dagger of speed (weapon)
Missiles
 h - a throwing net
Armour
 a - a +0 robe (worn)
Jewellery
 b - a ring of positive energy
Scrolls
 c - 2 scrolls of amnesia {unknown}
 f - a scroll of blinking {unknown}
 i - 2 scrolls of identify {unknown}
Potions
 e - 2 potions of brilliance {unknown}
 g - a potion of attraction {unknown}


   Skills:
 - Level 1.5 Dodging
 + Level 4.1 Stealth
 - Level 2.3 Spellcasting
 + Level 1.9 Transmutations
 * Level 1.2 Fire Magic
 * Level 1.4 Air Magic
 + Level 4.7 Poison Magic


You had one spell level left.
You knew the following spells:

 Your Spells              Type           Power      Damage    Failure   Level
a - Sting                 Tmut/Pois      48%        1d5       4%          1
b - Poisonous Vapours     Pois/Air       22%        N/A       9%          2
c - Ignite Poison         Fire/Tmut/Pois 10%        N/A       21%         3

Your spell library contained the following spells:

 Spells                   Type           Power      Damage    Failure   Level
 Summon Small Mammal      Summ           4%         N/A       21%         1
 Mephitic Cloud           Conj/Pois/Air  8%         N/A       26%         3
 Olgreb's Toxic Radiance  Pois           17%        N/A       28%         4
 Call Imp                 Summ           1%         N/A       30%         2
 Call Canine Familiar     Summ           1%         N/A       52%         3
 Summon Guardian Golem    Hex/Summ       1%         N/A       52%         3
 Summon Lightning Spire   Summ/Air       4%         N/A       83%         4
 Summon Ice Beast         Ice/Summ       1%         N/A       90%         4


Dungeon Overview and Level Annotations

Branches:
Dungeon (3/15)

Altars:


Innate Abilities, Weirdness & Mutations

Your serpentine skin is tough. (AC +1)
You have supernaturally acute eyesight. (SInv)
Armour fits poorly on your strangely shaped body.
Your system is resistant to poisons. (rPois)
You cover ground very slowly.
You can spit poison.
You have a snake-like lower body.


Message History

Aiming: Poisonous Vapours (safe; 9% risk of failure)
Press: ? - help, Dir - move target, f/p - orc
Aim: an orc, wielding a +0 dagger and wearing a +0 leather armour (moderately wounded)
You miscast Poisonous Vapours.
You are very lightly contaminated with residual magic.
Nothing appears to happen.
The orc wizard shouts!
The orc hits you with a +0 dagger.
Casting: Poisonous Vapours (safe; 9% risk of failure)
Confirm with . or Enter, or press ? or * to list all spells.
Aiming: Poisonous Vapours (safe; 9% risk of failure)
Press: ? - help, Dir - move target, f/p - orc
Aim: an orc, wielding a +0 dagger and wearing a +0 leather armour (moderately wounded) Poisonous vapours surround the orc!
The orc is engulfed in poison gas.
The orc is poisoned.
You kill the orc!
Casting: Poisonous Vapours (safe; 9% risk of failure)
Confirm with . or Enter, or press ? or * to list all spells.
You don't have enough magic to cast this spell.
There is a stone staircase leading up here.
The jelly hits you but does no damage.
You climb upwards.
Your magical contamination has completely faded away.
There is a stone staircase leading down here.
The jelly hits you. The acid corrodes you!
You are splashed with acid!
Aiming: Sting (safe; 4% risk of failure)
Press: ? - help, Q - select action, (/) - cycle Shift-Dir - straight line, f - jelly
Aim: a jelly (100% to hit)
The sting hits the jelly.
The jelly partially resists.
The jelly is poisoned.
The jelly is lightly wounded.
The jelly hits you. The acid corrodes you!
You are splashed with acid!
* * * LOW HITPOINT WARNING * * *
You completely miss the jelly.
The jelly is lightly wounded.
The jelly hits you.
* * * LOW HITPOINT WARNING * * *
The acid corrodes you!
You are splashed with acid!
* * * LOW HITPOINT WARNING * * *
You hit the jelly but do no damage.
Your hands burn!
You die...

#.####.# #..###.........
#.#....###...[..........
#.....###.)####.........
###.#.# #.## #.##...###
############.#.# #.# #.##...#
.............#.###.#####.##...#
.############............###.##
#############..###.####### #.#
..^.............@J.#########.#
##############.##.>..........#
# #.##.############ # #.##.# #
#....# # ###### # #


You could see a jelly (poisoned).

Vanquished Creatures
  A hound (D:3)
  An adder (D:2)
  2 orcs (D:3)
  3 ball pythons
  5 endoplasms
  2 giant cockroaches (D:1)
  5 goblins
  5 hobgoblins
  6 jackals (D:1)
  4 quokkas
  2 bats
  2 frilled lizards
  3 kobolds
  4 rats
45 creatures vanquished.

Notes
Turn   | Place    | Note
-------+----------+-------------------------------------------
     0 | D:1      | LordDeathwing the Naga Venom Mage began the quest for the
                  | Orb.
     0 | D:1      | Reached XP level 1. HP: 15/15 MP: 3/3
   514 | D:1      | Reached XP level 2. HP: 13/22 MP: 0/5
  1147 | D:1      | Learned a level 2 spell: Poisonous Vapours
  1304 | D:1      | Reached XP level 3. HP: 28/28 MP: 3/6
  1337 | D:1      | Learned a level 3 spell: Ignite Poison
  1350 | D:1      | Found a faded altar of an unknown god.
  2027 | D:2      | Reached skill level 1 in Air Magic
  2554 | D:3      | Reached skill level 1 in Fire Magic
  2554 | D:3      | Reached XP level 4. HP: 21/36 MP: 3/7
  2781 | D:2      | Splashed by a jelly's acid

Illustrated notes

Levels and vault maps discovered:
D:1:      scummos_arrival_simple_fountains, layout_basic,
          hellmonk_ecumenical_altar_prayer_group, minmay_cupped
D:2:      layout_loops_ring
D:3:      layout_loops_ring, okawaru_metal_pillars_3, serial_shops, shop,
          minmay_misc_feat_plants

Skill      XL: |  1  2  3 |
---------------+----------+-----
Air Magic      | 1 |  1.4
Stealth        | 4 |  4.1
Fire Magic     | 1 |  1.2
Dodging        | |  1.5
Spellcasting   | |  2.3
Transmutations | |  1.9
Poison Magic   | |  4.7

Action                   |  1- 3 |  4- 6 || total
-------------------------+-------+-------++-------
Melee: Unarmed           |    21 |       ||    21
       Dagger            |    37 |     3 ||    40
 Cast: Sting             |    38 |     2 ||    40
       Poisonous Vapours |     7 |     4 ||    11
Armor: Robe              |    14 |     1 ||    15
Dodge: Dodged            |    39 |       ||    39

Table legend: (Time is in decaauts)
 A = Elapsed time spent in this place.
 B = Non-inter-level travel time spent in this place.
 C = Inter-level travel time spent in this place.
 D = Time resting spent in this place.
 E = Time spent auto-exploring this place.
 F = Levels seen in this place.
 G = Mean time per level.
                   A        B        C        D        E       F      G
               +--------+--------+--------+--------+--------+-----+--------+
         Total |   3377 |   3287 |     90 |    873 |   1959 |   3 | 1125.7 |
       Dungeon |   3377 |   3287 |     90 |    873 |   1959 |   3 | 1125.7 |
               +--------+--------+--------+--------+--------+-----+--------+

Top non-repeatable levels by time:
     D:1: 2218 daAuts
     D:2: 811 daAuts
     D:3: 348 daAuts
